[Event "ICC tourney 1923 (15 5)"]
[Site "Internet Chess Club"]
[Date "2020.07.17"]
[Round "1"]
[White "ZSChess09"]
[Black "rjaichand"]
[Result "0-1"]
[ICCResult "White checkmated"]
[WhiteElo "1317"]
[BlackElo "1483"]
[Opening "Scotch: Potter variation"]
[ECO "C45"]
[NIC "SO.05"]
[Time "12:08:25"]
[TimeControl "900+5"]

1. e4 e5 2. Nf3 Nc6 3. d4 exd4 4. Nxd4 Bc5 5. Nb3 Bb6 6. Nc3 d6 7. a4 a5 8.
Bb5 Bd7 9. O-O Nf6 10. Re1 Ng4 11. Rf1 Qh4 12. Bd2 Qxh2# {White checkmated}
0-1

[Event "ICC tourney 1923 (15 5)"]
[Site "Internet Chess Club"]
[Date "2020.07.17"]
[Round "1"]
[White "Phineashrad"]
[Black "NK2007"]
[Result "0-1"]
[ICCResult "White resigns"]
[WhiteElo "1188"]
[BlackElo "1165"]
[Opening "Sicilian defense"]
[ECO "B20"]
[NIC "SI.48"]
[Time "12:08:31"]
[TimeControl "900+5"]

1. e4 c5 2. Bc4 Nc6 3. Nf3 e6 4. Nc3 a6 5. a4 Nf6 6. e5 Ng4 7. h3 Ngxe5 8.
Nxe5 Nxe5 9. Bb3 d5 10. d3 Bd6 11. h4 O-O 12. Bg5 f6 13. Bd2 c4 14. dxc4
dxc4 15. Ba2 b5 16. axb5 axb5 17. Nxb5 Bc5 18. b3 Ba6 19. bxc4 Bxb5 20. cxb5
Qd4 21. Bxe6+ Kh8 22. Be3 Qc3+ 23. Bd2 Qxa1 24. Rh2 Qxd1+ 25. Kxd1 Ra1+ 26.
Ke2 Re8 27. Bb3 Ng4+ {White resigns} 0-1

[Event "ICC tourney 1923 (15 5)"]
[Site "Internet Chess Club"]
[Date "2020.07.17"]
[Round "1"]
[White "AJRChess2011"]
[Black "RhysieB"]
[Result "1-0"]
[ICCResult "Black resigns"]
[WhiteElo "1483"]
[BlackElo "1317"]
[Opening "Ruy Lopez: exchange, Keres variation"]
[ECO "C68"]
[NIC "RL.08"]
[Time "12:08:37"]
[TimeControl "900+5"]

1. e4 e5 2. Nf3 Nc6 3. Bb5 a6 4. Bxc6 dxc6 5. Nc3 Bd6 6. d4 exd4 7. Qxd4 Nf6
8. e5 c5 9. Qd1 Qe7 10. Qe2 Bg4 11. exf6 Qxe2+ 12. Nxe2 O-O-O 13. fxg7 Rhe8
14. Be3 Bxf3 15. gxf3 Rg8 16. O-O-O Rxg7 17. Nf4 Re8 18. Nd5 Re6 19. h4 c6
20. Nf4 Bxf4 21. Bxf4 Re2 22. Be3 Rg6 23. Rdg1 Rf6 24. Rg3 Rd6 25. Rd1 Kd7
26. Rxd6+ Kxd6 27. Kd1 Rxe3 28. fxe3 Kd5 29. Rg7 {Black resigns} 1-0

[Event "ICC tourney 1923 (15 5)"]
[Site "Internet Chess Club"]
[Date "2020.07.17"]
[Round "1"]
[White "thanhcaptures"]
[Black "luckylol3"]
[Result "1-0"]
[ICCResult "Black resigns"]
[WhiteElo "1357"]
[BlackElo "1265"]
[Opening "Two knights defense"]
[ECO "C55"]
[NIC "KP.02"]
[Time "12:08:25"]
[TimeControl "900+5"]

1. e4 e5 2. Nf3 Nc6 3. Bc4 Nf6 4. d4 exd4 5. O-O d6 6. Ng5 Ne5 7. Bb3 Be7 8.
Qxd4 O-O 9. Bf4 Nc6 10. Qc4 Ne5 11. Bxe5 dxe5 12. Nxf7 Rxf7 13. Qxf7+ Kh8
14. c3 Qf8 15. Qxf8+ Bxf8 16. Rd1 Bd7 17. Nd2 Rd8 18. f3 Bc5+ 19. Kh1 Bb5
20. c4 Bc6 21. Nf1 Rxd1 22. Rxd1 h6 23. Rd8+ Kh7 24. Rc8 Bb6 25. c5 Bxc5 26.
Rxc7 Bd4 27. Bd5 Nxd5 28. exd5 Bxd5 29. b3 Bb6 30. Re7 Bd4 31. f4 Bc5 32.
Rxe5 Bxg2+ 33. Kxg2 Bd6 34. Rb5 b6 35. Kf3 Kg6 36. h4 {Black resigns} 1-0

[Event "ICC tourney 1923 (15 5)"]
[Site "Internet Chess Club"]
[Date "2020.07.17"]
[Round "1"]
[White "gusfalconjr"]
[Black "ChessStar22"]
[Result "0-1"]
[ICCResult "White checkmated"]
[WhiteElo "1281"]
[BlackElo "1391"]
[Opening "English: Caro-Kann defensive system"]
[ECO "A11"]
[NIC "EO.64"]
[Time "12:08:22"]
[TimeControl "900+5"]

1. c4 c6 2. Nc3 d5 3. cxd5 cxd5 4. d3 Nf6 5. g3 Nc6 6. Bg2 Bf5 7. Nf3 e6 8.
O-O Be7 9. Be3 d4 10. Nxd4 Nxd4 11. Bxd4 Qxd4 12. Qd2 Qd7 13. a3 O-O 14.
Rac1 Rac8 15. Rfe1 Rc7 16. e4 Bg6 17. f4 Bc5+ 18. Kf1 Rd8 19. Red1 Bd4 20.
Rc2 Bxc3 21. Rxc3 Rxc3 22. Qxc3 Bxe4 23. Bxe4 Nxe4 24. Qc2 Rc8 25. Qe2 Nf6
26. h3 Rd8 27. g4 Nd5 28. Qf3 Qc7 29. Rb1 Qxf4 30. Qxf4 Nxf4 31. Kf2 Nxd3+
32. Ke3 Nc5 33. Kf4 Rd4+ 34. Kg3 Rd3+ 35. Kh4 h6 36. g5 hxg5+ 37. Kxg5 Rxh3
38. Kf4 f6 39. Kg4 Rb3 40. Kh5 Nd7 41. Kg6 f5 42. Kh5 Nf6+ 43. Kg6 Rg3#
{White checkmated}
0-1

[Event "ICC tourney 1923 (15 5)"]
[Site "Internet Chess Club"]
[Date "2020.07.17"]
[Round "1"]
[White "Vidipkona"]
[Black "askuo"]
[Result "1-0"]
[ICCResult "Black resigns"]
[WhiteElo "1429"]
[BlackElo "1092"]
[Opening "Sicilian: dragon, classical, Richter variation"]
[ECO "B73"]
[NIC "SI.15"]
[Time "12:09:12"]
[TimeControl "900+5"]

1. e4 c5 2. Nf3 d6 3. d4 cxd4 4. Nxd4 Nf6 5. Nc3 g6 6. Be2 Bg7 7. Be3 O-O 8.
O-O Nc6 9. Qd2 Bd7 10. Rad1 Rc8 11. h3 a6 12. f4 b5 13. a3 Rb8 14. Bf3 Re8
15. e5 dxe5 16. Nxc6 Bxc6 17. Bxc6 Rf8 18. fxe5 Ne8 19. Qxd8 Rxd8 20. Rxd8
Nc7 21. Rxf8+ Kxf8 22. Bf4 {Black resigns} 1-0

[Event "ICC tourney 1923 (15 5)"]
[Site "Internet Chess Club"]
[Date "2020.07.17"]
[Round "1"]
[White "wulovechess"]
[Black "OwenT"]
[Result "0-1"]
[ICCResult "White resigns"]
[WhiteElo "1331"]
[BlackElo "1580"]
[Opening "French: advance, Milner-Barry gambit"]
[ECO "C02"]
[NIC "FR.03"]
[Time "12:08:26"]
[TimeControl "900+5"]

1. e4 e6 2. d4 d5 3. e5 c5 4. c3 Nc6 5. Nf3 Qb6 6. Bd3 Bd7 7. O-O cxd4 8.
cxd4 Nxd4 9. Nxd4 Qxd4 10. Re1 Qb6 11. Nc3 Bc5 12. Rf1 Ne7 13. Qc2 O-O 14.
Bxh7+ Kh8 15. Bd3 Kg8 16. Re1 Ng6 17. Be3 Bxe3 18. Rxe3 d4 19. Rg3 dxc3 20.
Bxg6 fxg6 21. Rxg6 Qxb2 22. Rc1 Ba4 23. Qxb2 cxb2 24. Rb1 Rac8 25. h3 Rc1+
26. Rxc1 bxc1=Q+ 27. Kh2 Qf4+ 28. Rg3 Qxe5 29. a3 Rxf2 30. h4 Bc6 31. h5
Rxg2+ 32. Kh3 {White resigns} 0-1

[Event "ICC tourney 1923 (15 5)"]
[Site "Internet Chess Club"]
[Date "2020.07.17"]
[Round "1"]
[White "stephenwilly"]
[Black "strongcarrot"]
[Result "1-0"]
[ICCResult "Black checkmated"]
[WhiteElo "1619"]
[BlackElo "1347"]
[Opening "Giuoco Pianissimo: Canal variation"]
[ECO "C55"]
[NIC "IG.01"]
[Time "12:08:37"]
[TimeControl "900+5"]

1. e4 e5 2. Nf3 Nc6 3. Bc4 Nf6 4. d3 Bc5 5. Nc3 d6 6. Bg5 h6 7. Bh4 Bg4 8.
h3 Bh5 9. g4 Bg6 10. Qe2 Qd7 11. Bxf6 gxf6 12. Nd5 Qd8 13. Nh4 Nb4 14. Nxg6
fxg6 15. Nxb4 Bxb4+ 16. c3 Bc5 17. a4 a5 18. h4 Qe7 19. h5 g5 20. Qf3 O-O-O
21. Kd2 Rhf8 22. Rhb1 c6 23. b4 axb4 24. cxb4 Bd4 25. Ra2 Qc7 26. a5 b6 27.
axb6 Qxb6 28. Qf5+ Kc7 29. b5 Bxf2 30. Ra6 Qe3+ 31. Kc2 cxb5 32. Rxb5 Ra8
33. Qh7+ Kc8 34. Rxa8# {Black checkmated} 1-0

[Event "ICC tourney 1923 (15 5)"]
[Site "Internet Chess Club"]
[Date "2020.07.17"]
[Round "1"]
[White "ArsenioB2012"]
[Black "savagefire"]
[Result "1-0"]
[ICCResult "Black resigns"]
[WhiteElo "1483"]
[BlackElo "1317"]
[Opening "Queen's pawn, Mason variation, Steinitz counter-gambit"]
[ECO "D00"]
[NIC "QP.08"]
[Time "12:08:25"]
[TimeControl "900+5"]

1. d4 d5 2. Bf4 c5 3. c3 Nf6 4. e3 e6 5. Nf3 Be7 6. Be2 O-O 7. O-O Nc6 8.
Ne5 Nxe5 9. dxe5 Nd7 10. Nd2 f6 11. Nf3 fxe5 12. Nxe5 Nxe5 13. Bxe5 Bd6 14.
Bxd6 Qxd6 15. c4 Bd7 16. b3 Bc6 17. e4 Rad8 18. exd5 exd5 19. cxd5 Qxd5 20.
Bc4 Qxc4 21. bxc4 Rxd1 22. Raxd1 b5 23. cxb5 Bxb5 24. Rfe1 Bc4 25. Rc1 Bxa2
26. Rxc5 h6 27. Ra5 Bd5 28. Rxd5 Ra8 29. g3 a5 30. Rd3 a4 31. Ra3 Kf7 32.
Rea1 {Black resigns} 1-0

[Event "ICC tourney 1923 (15 5)"]
[Site "Internet Chess Club"]
[Date "2020.07.17"]
[Round "1"]
[White "royayush"]
[Black "dangdang2000"]
[Result "1-0"]
[ICCResult "Black checkmated"]
[WhiteElo "1383"]
[BlackElo "1381"]
[Opening "Queen's gambit declined"]
[ECO "D30"]
[NIC "QP.08"]
[Time "12:08:23"]
[TimeControl "900+5"]

1. d4 d5 2. c4 e6 3. a3 Nf6 4. Nc3 Be7 5. Nf3 O-O 6. e3 Nc6 7. cxd5 exd5 8.
Bd3 Bg4 9. O-O Qd7 10. h3 Bxh3 11. gxh3 Qxh3 12. Nh2 Bd6 13. f4 Qg3+ 14. Kh1
Qh3 15. Qf3 Qh6 16. Bd2 g5 17. Qg3 g4 18. Nb5 Rfe8 19. Nxd6 cxd6 20. Bf5 Kh8
21. Rac1 Rg8 22. Be1 Qh5 23. Bd3 Ne4 24. Bxe4 dxe4 25. Qh4 Qxh4 26. Bxh4 g3
27. Bf6+ Rg7 28. Bxg7+ Kxg7 29. Ng4 f5 30. Ne5 dxe5 31. fxe5 Kg6 32. Kg2 h5
33. Kxg3 Kg5 34. e6 Rg8 35. Kh3 Kf6 36. d5 Ne7 37. d6 Nc6 38. e7 Ke6 39.
Rcd1 Kf7 40. Rxf5+ Kg6 41. Rf8 Rxf8 42. exf8=Q Kg5 43. Rg1# {Black
checkmated} 1-0

[Event "ICC tourney 1923 (15 5)"]
[Site "Internet Chess Club"]
[Date "2020.07.17"]
[Round "1"]
[White "serenacool"]
[Black "funstyle"]
[Result "0-1"]
[ICCResult "White checkmated"]
[WhiteElo "1317"]
[BlackElo "1483"]
[Opening "French: exchange variation"]
[ECO "C01"]
[NIC "FR.01"]
[Time "12:08:23"]
[TimeControl "900+5"]

1. e4 e6 2. d4 d5 3. exd5 exd5 4. Nf3 Nf6 5. Bg5 Be7 6. Bd3 O-O 7. O-O Bg4
8. h3 Bh5 9. Nc3 c6 10. Re1 Nbd7 11. Be2 Ne4 12. Bxe7 Qxe7 13. Bd3 Ndf6 14.
Re3 Nxc3 15. bxc3 Qd6 16. Qd2 Qf4 17. Rb1 Bxf3 18. gxf3 Rae8 19. Re2 Qxd2
20. Rxd2 b5 21. h4 g6 22. f4 Ne4 23. Rdd1 Nxc3 24. f5 Nxd1 25. Rxd1 gxf5 26.
Bxf5 Rd8 27. Rd3 Kh8 28. Rc3 Rg8+ 29. Kf1 Rd6 30. Ra3 Ra8 31. Ra6 Kg7 32.
Kg2 h6 33. f4 Rg8 34. Kh3 Rf6 35. Bd7 Rxf4 36. Rxa7 Rxd4 37. Bxc6 Kf6 38.
Bxb5 Rd1 39. Ra6+ Ke5 40. Rxh6 Rh1# {White checkmated} 0-1

[Event "ICC tourney 1923 (15 5)"]
[Site "Internet Chess Club"]
[Date "2020.07.17"]
[Round "1"]
[White "ChessMonkey123"]
[Black "arjunk2011"]
[Result "1-0"]
[ICCResult "Black checkmated"]
[WhiteElo "1464"]
[BlackElo "1212"]
[Opening "Sicilian: Scheveningen variation"]
[ECO "B80"]
[NIC "SI.19"]
[Time "12:16:36"]
[TimeControl "900+5"]

1. e4 c5 2. Nf3 d6 3. d4 cxd4 4. Nxd4 Nf6 5. Nc3 e6 6. f3 a6 7. Be3 Be7 8.
Be2 O-O 9. O-O b5 10. a3 Bd7 11. Nb3 Qc7 12. Qd2 d5 13. exd5 Nxd5 14. Nxd5
exd5 15. Qxd5 Qxc2 16. Qxa8 Qxe2 17. Bf2 Qxb2 18. Nd4 Bc5 19. Rab1 Qxa3 20.
Nb3 Bc6 21. Bxc5 Qxc5+ 22. Nxc5 Bxa8 23. Ra1 Nc6 24. Nxa6 b4 25. Rab1 Bb7
26. Nxb4 Na5 27. Nd3 Ba6 28. Rfd1 Rd8 29. Nc5 Rxd1+ 30. Rxd1 f6 31. Nxa6 Nb3
32. Rd7 Nc5 33. Nxc5 h5 34. Ne6 g5 35. Rg7+ Kh8 36. Rf7 g4 37. fxg4 hxg4 38.
Rxf6 g3 39. h4 Kh7 40. h5 Kh8 41. Rg6 Kh7 42. Ng5+ Kh8 43. Ne4 Kh7 44. Nf6+
Kh8 45. Rg8# {Black checkmated} 1-0

[Event "ICC tourney 1923 (15 5)"]
[Site "Internet Chess Club"]
[Date "2020.07.17"]
[Round "1"]
[White "aang07"]
[Black "UltimateDL"]
[Result "1-0"]
[ICCResult "Black checkmated"]
[WhiteElo "1483"]
[BlackElo "1317"]
[Opening "Queen's pawn game"]
[ECO "D05"]
[NIC "QP.08"]
[Time "12:08:29"]
[TimeControl "900+5"]

1. d4 d5 2. e3 e6 3. Nf3 Nf6 4. Be2 c5 5. O-O Be7 6. b3 O-O 7. Bb2 cxd4 8.
exd4 Nc6 9. c4 b6 10. Nbd2 Bb7 11. cxd5 Nxd5 12. Ne5 Bf6 13. Ndf3 Rc8 14.
Nxc6 Bxc6 15. Rc1 Bb7 16. Rxc8 Qxc8 17. Bc4 Qd8 18. Bxd5 Qxd5 19. h3 Rc8 20.
Qd3 Qa5 21. Rc1 Rxc1+ 22. Bxc1 Bxf3 23. Qxf3 Qe1+ 24. Kh2 Qxc1 25. Qa8+ Bd8
26. Qxd8# {Black checkmated} 1-0

[Event "ICC tourney 1923 (15 5)"]
[Site "Internet Chess Club"]
[Date "2020.07.17"]
[Round "1"]
[White "tanish456"]
[Black "amdink"]
[Result "1-0"]
[ICCResult "Black checkmated"]
[WhiteElo "1579"]
[BlackElo "1536"]
[Opening "Scotch gambit"]
[ECO "C44"]
[NIC "SO.06"]
[Time "12:08:30"]
[TimeControl "900+5"]

1. e4 e5 2. Nf3 Nc6 3. d4 exd4 4. Bc4 h6 5. Nxd4 Bc5 6. Nxc6 bxc6 7. Qh5 Qf6
8. Qxc5 Ne7 9. Qe3 O-O 10. O-O Ng6 11. Nc3 Ne5 12. Bb3 Qg6 13. Qg3 Qf6 14.
Bxh6 Qxh6 15. Qxe5 d6 16. Qg3 Be6 17. Bxe6 Qxe6 18. Rad1 Rab8 19. b3 Qf6 20.
Rfe1 Rfe8 21. Re3 Rbd8 22. Rf3 Qh6 23. h3 d5 24. exd5 cxd5 25. Qxc7 Qh5 26.
Qxa7 d4 27. Rxd4 Re1+ 28. Kh2 Qe5+ 29. Rdf4 f6 30. Qa4 g5 31. Qc4+ Kg7 32.
g3 gxf4 33. gxf4 Qe6 34. Rg3+ Kh8 35. Qc5 Rd7 36. a4 Rf1 37. Nd5 Qe4 38.
Qf8+ Kh7 39. Nxf6# {Black checkmated} 1-0

[Event "ICC tourney 1923 (15 5)"]
[Site "Internet Chess Club"]
[Date "2020.07.17"]
[Round "1"]
[White "Queen2812"]
[Black "dhroov"]
[Result "1/2-1/2"]
[ICCResult "Game drawn because neither player has mating material"]
[WhiteElo "1400"]
[BlackElo "1400"]
[Opening "Queen's pawn, Mason variation"]
[ECO "D00"]
[NIC "QP.08"]
[Time "12:08:28"]
[TimeControl "900+5"]

1. d4 d5 2. Bf4 Nf6 3. e3 Bf5 4. c3 Nc6 5. Bd3 Be4 6. Bxe4 Nxe4 7. Nd2 Nd6
8. Ngf3 e6 9. Qc2 Qd7 10. O-O-O O-O-O 11. Rde1 Re8 12. h3 f6 13. e4 dxe4 14.
Nxe4 e5 15. Nxd6+ Bxd6 16. dxe5 fxe5 17. Bh2 Rhf8 18. Qxh7 Rf5 19. Qh4 Qe6
20. Qe4 Kb8 21. Kb1 a6 22. Nd4 Nxd4 23. cxd4 Rxf2 24. Bxe5 Ba3 25. Bxc7+
Kxc7 26. Qxe6 Rxe6 27. Rxe6 Rxb2+ 28. Ka1 Rxg2 29. Ree1 Bb2+ 30. Kb1 Bxd4
31. Rc1+ Kb8 32. Rc2 Rg3 33. h4 Bf6 34. h5 Rg5 35. h6 Rb5+ 36. Kc1 Bg5+ 37.
Kd1 gxh6 38. Ke2 Re5+ 39. Kd3 Re3+ 40. Kd4 Re7 41. Kd5 Rc7 42. Rxc7 Kxc7 43.
a4 Kd7 44. Kc5 Kc7 45. a5 Bd2 46. Rh2 Bxa5 47. Rxh6 b6+ 48. Kd5 Bb4 49. Rh7+
Kd8 50. Ra7 a5 51. Rb7 Bc5 52. Kc6 a4 53. Kb5 a3 54. Ra7 Kc8 55. Rxa3 Bxa3
56. Kxb6 {Game drawn because neither player has mating material} 1/2-1/2

[Event "ICC tourney 1923 (15 5)"]
[Site "Internet Chess Club"]
[Date "2020.07.17"]
[Round "1"]
[White "nidhi204"]
[Black "aadihetamsaria"]
[Result "0-1"]
[ICCResult "White checkmated"]
[WhiteElo "1415"]
[BlackElo "1512"]
[Opening "Scandinavian (center counter) defense"]
[ECO "B01"]
[NIC "SD.01"]
[Time "12:08:23"]
[TimeControl "900+5"]

1. e4 d5 2. exd5 Qxd5 3. Nc3 Qa5 4. Nf3 Nf6 5. Bc4 Bg4 6. h3 Bh5 7. d4 e6 8.
Qd3 c6 9. O-O Nbd7 10. a3 O-O-O 11. b4 Bxb4 12. Bb2 Bd6 13. Rfe1 Qc7 14. Qe3
Bf4 15. Qd3 Bg6 16. Qe2 Rhe8 17. g3 Bd6 18. Bb3 Nb6 19. Na4 Nxa4 20. Bxa4
Be4 21. Ng5 Bf5 22. Qc4 h6 23. Nf3 Bxg3 24. Qd3 Bxd3 25. cxd3 Nd5 26. fxg3
Qxg3+ 27. Kf1 Qxf3+ 28. Kg1 Nf4 29. Rf1 Qg2# {White checkmated} 0-1

[Event "ICC tourney 1923 (15 5)"]
[Site "Internet Chess Club"]
[Date "2020.07.17"]
[Round "1"]
[White "HappyLunchBox"]
[Black "nguyencaptures"]
[Result "1-0"]
[ICCResult "Black forfeits on time"]
[WhiteElo "1121"]
[BlackElo "1221"]
[Opening "Giuoco Piano"]
[ECO "C54"]
[NIC "IG.02"]
[Time "12:08:21"]
[TimeControl "900+5"]

1. e4 e5 2. Nf3 Nc6 3. Bc4 Bc5 4. c3 Nf6 5. d4 exd4 6. cxd4 Bb4+ 7. Bd2
Bxd2+ 8. Nbxd2 O-O 9. O-O d6 10. a3 Bg4 11. h3 Bh5 12. Qc2 Qe7 13. Rfe1 Rad8
14. b4 a6 15. e5 dxe5 16. dxe5 Nd7 17. e6 fxe6 18. Rxe6 Bg6 19. Rxe7+ Kh8
20. Qc3 Nf6 21. Rxc7 Rb8 22. Bxa6 bxa6 23. Rxc6 Ra8 24. Rc1 h6 25. Rc7
{Black forfeits on time}
1-0

[Event "ICC tourney 1923 (15 5)"]
[Site "Internet Chess Club"]
[Date "2020.07.17"]
[Round "1"]
[White "oxdidi"]
[Black "NimaiG"]
[Result "0-1"]
[ICCResult "White resigns"]
[WhiteElo "1263"]
[BlackElo "1590"]
[Opening "Giuoco Pianissimo"]
[ECO "C55"]
[NIC "IG.01"]
[Time "12:08:25"]
[TimeControl "900+5"]

1. e4 e5 2. Nf3 Nc6 3. Bc4 Nf6 4. d3 Bc5 5. c3 d6 6. Nbd2 a5 7. Bb3 O-O 8.
h3 b5 9. a4 b4 10. O-O Rb8 11. Re1 Ba6 12. Nf1 bxc3 13. bxc3 d5 14. Ng3 dxe4
15. dxe4 Qxd1 16. Bxd1 Rfe8 17. Bg5 Rb2 18. Be3 Bb6 19. Bxb6 cxb6 20. Be2
Bxe2 21. Rxe2 Rxe2 22. Nxe2 Nxe4 23. Rc1 Nf6 24. Ng3 e4 25. Nd2 e3 26. fxe3
Rxe3 27. Kf2 Re8 28. Nf3 h6 29. Rd1 Rd8 30. Re1 Rd3 31. Ne2 Ne4+ 32. Kf1
Nxc3 33. Nxc3 Rxc3 34. Re8+ Kh7 35. h4 Rc4 36. Rc8 Ne5 37. Rxc4 Nxc4 38. Nd4
Nb2 39. Nc6 Nxa4 40. Ke2 Kg6 41. Kd3 Kh5 42. g3 Kg4 43. Nd8 Kxg3 44. Nxf7
Kxh4 45. Kc4 h5 46. Ne5 g5 47. Nf3+ Kg4 48. Ne5+ Kf4 49. Nd3+ Kg3 50. Nc1 h4
51. Ne2+ {White resigns} 0-1

[Event "ICC tourney 1923 (15 5)"]
[Site "Internet Chess Club"]
[Date "2020.07.17"]
[Round "1"]
[White "WizardY"]
[Black "Cougar2020"]
[Result "1-0"]
[ICCResult "Black checkmated"]
[WhiteElo "1515"]
[BlackElo "1379"]
[Opening "French: Steinitz variation"]
[ECO "C11"]
[NIC "FR.04"]
[Time "12:08:26"]
[TimeControl "900+5"]

1. e4 e6 2. d4 d5 3. Nc3 Nf6 4. e5 Nfd7 5. Be2 c5 6. Be3 Nc6 7. Nf3 a6 8.
Qd2 Qc7 9. O-O cxd4 10. Bxd4 Ndxe5 11. Nxe5 Nxe5 12. Rfe1 Nc6 13. Bf3 Ne7
14. Be5 Qb6 15. a4 Qa5 16. Re2 b5 17. Nxd5 Qxd2 18. Nc7+ Kd8 19. Rxd2+ Bd7
20. Nxa8 Kc8 21. Nb6+ Kd8 22. Rxd7+ Ke8 23. Rad1 f6 24. Bh5+ g6 25. Bxf6 Rg8
26. Bg4 Nd5 27. Nxd5 Kxd7 28. Ne7+ Ke8 29. Nxg8 Kf7 30. Rd7+ Kxg8 31. Bxe6#
{Black checkmated}
1-0

[Event "ICC tourney 1923 (15 5)"]
[Site "Internet Chess Club"]
[Date "2020.07.17"]
[Round "1"]
[White "SirAdityaS"]
[Black "IGMin2023"]
[Result "1-0"]
[ICCResult "Black checkmated"]
[WhiteElo "1480"]
[BlackElo "1274"]
[Opening "Two knights defense (Modern bishop's opening)"]
[ECO "C55"]
[NIC "IG.01"]
[Time "12:08:30"]
[TimeControl "900+5"]

1. e4 e5 2. Nf3 Nc6 3. Bc4 Nf6 4. d3 Be7 5. Nc3 O-O 6. O-O d6 7. Be3 a6 8.
Qd2 b5 9. Bb3 Na5 10. Rfe1 Nxb3 11. axb3 c5 12. Ne2 Bg4 13. Ng3 Bxf3 14.
gxf3 d5 15. c3 Ne8 16. c4 d4 17. Bg5 Bxg5 18. Qc2 bxc4 19. bxc4 Qb6 20. Rab1
Qa5 21. Ra1 Qb6 22. Reb1 Bh4 23. b3 Qf6 24. Qe2 Qd6 25. Nf5 Qg6+ 26. Ng3 Bd8
27. Kg2 Nd6 28. Rg1 Qe6 29. Rab1 g6 30. Qd2 Kg7 31. f4 a5 32. Kf1 Qh3+ 33.
Ke1 Qxh2 34. Rf1 Bf6 35. Rh1 Qg2 36. Ke2 Rh8 37. Rbg1 Qxg1 38. Rxg1 exf4 39.
Nh5+ Kf8 40. Nxf6 Ke7 41. Nd5+ Kd7 42. Qxf4 Rab8 43. Rb1 a4 44. Qd2 axb3 45.
Qa5 Rhc8 46. Nb6+ Kc7 47. Nxc8+ Kxc8 48. Qxc5+ Kd7 49. Qxd4 Ra8 50. c5 Ra2+
51. Ke3 Kc8 52. cxd6 Ra6 53. Rxb3 Kd7 54. Rb7+ Kc8 55. d7+ Kxb7 56. d8=Q Rc6
57. Qb4+ Ka7 58. Qda5+ Ra6 59. Qc7+ Ka8 60. Qbb8# {Black checkmated} 1-0

[Event "ICC tourney 1923 (15 5)"]
[Site "Internet Chess Club"]
[Date "2020.07.17"]
[Round "1"]
[White "auggie29"]
[Black "FlowingMelody"]
[Result "1/2-1/2"]
[ICCResult "Game drawn by mutual agreement"]
[WhiteElo "1367"]
[BlackElo "1301"]
[Opening "Queen's pawn, Mason variation"]
[ECO "D00"]
[NIC "QP.08"]
[Time "12:08:33"]
[TimeControl "900+5"]

1. d4 d5 2. Bf4 e6 3. Nf3 Bd6 4. Bg3 Nf6 5. e3 O-O 6. c4 c6 7. Nc3 Bb4 8. a3
Ba5 9. b4 Bc7 10. Bd3 dxc4 11. Bxc4 b5 12. Be2 Bb7 13. Bh4 Nbd7 14. e4 e5
15. dxe5 Nxe5 16. Qxd8 Nxf3+ 17. Bxf3 Bxd8 18. O-O Nxe4 19. Nxe4 Bxh4 20.
Nd6 Rab8 21. Nxb7 Rxb7 22. Bxc6 Rb6 23. Bf3 Re8 24. g3 Bf6 25. Rae1 Rbe6 26.
Rxe6 Rxe6 27. Rc1 g6 28. Rc2 Re1+ 29. Kg2 Ra1 30. Rc6 Bb2 31. Ra6 Rxa3 32.
Rxa3 Bxa3 33. Bc6 Bxb4 34. Bxb5 a5 35. f4 f5 36. Kf2 Kf8 37. Ke3 Ke7 38. Kd4
Kd6 39. Kc4 Ke7 40. Kb3 Kf6 41. Bc4 g5 42. fxg5+ Kxg5 43. Bg8 h5 44. Be6 f4
45. gxf4+ Kxf4 46. Bh3 Kf3 47. Ka4 Kf2 48. Bf5 Kg2 49. h3 Kg3 50. Kb5 Kf4
51. Bd7 Ke5 52. Ka4 Kd6 53. Bc8 Kc7 54. Bf5 Kb6 55. h4 Kc5 56. Bg6 Be1 57.
Bxh5 Kb6 58. Be2 Bxh4 59. Bb5 Be7 {Game drawn by mutual agreement} 1/2-1/2

[Event "ICC tourney 1923 (15 5)"]
[Site "Internet Chess Club"]
[Date "2020.07.17"]
[Round "1"]
[White "agrimjax1"]
[Black "arjun-venkat"]
[Result "1-0"]
[ICCResult "Black checkmated"]
[WhiteElo "1380"]
[BlackElo "1233"]
[Opening "Giuoco Pianissimo: Italian four knights variation"]
[ECO "C50"]
[NIC "IG.02"]
[Time "12:08:27"]
[TimeControl "900+5"]

1. e4 e5 2. Nf3 Nc6 3. Bc4 Bc5 4. Nc3 Nf6 5. d3 O-O 6. Bg5 Be7 7. O-O h6 8.
Be3 d6 9. h3 Be6 10. Bb3 Qd7 11. Qd2 d5 12. exd5 Bxd5 13. Nxd5 Nxd5 14. Rad1
Rfd8 15. Rfe1 Nxe3 16. Rxe3 Bf6 17. Ba4 Re8 18. Rde1 a6 19. Nxe5 Bxe5 20.
Bxc6 Qxc6 21. Rxe5 Rxe5 22. Rxe5 Qf6 23. Qe2 Qc6 24. c4 Rd8 25. Re7 Qd6 26.
Re8+ Rxe8 27. Qxe8+ Qf8 28. Qe4 c6 29. f4 Qb4 30. Qd4 c5 31. Qf2 a5 32. a3
Qb6 33. Qd2 f6 34. Qe2 Kf7 35. Kf2 Qe6 36. Qh5+ Ke7 37. Qxc5+ Qd6 38. Qxd6+
Kxd6 39. Ke3 Kc5 40. f5 b6 41. b3 Kd6 42. d4 Kc6 43. b4 a4 44. b5+ Kd6 45.
Ke4 Ke7 46. Kd5 Kd7 47. c5 Kc7 48. c6 Kd8 49. Ke6 Kc7 50. d5 Kd8 51. d6 Kc8
52. Ke7 Kb8 53. d7 g5 54. d8=Q+ Ka7 55. Qc7+ Ka8 56. Qb7# {Black checkmated}
1-0

[Event "ICC tourney 1923 (15 5)"]
[Site "Internet Chess Club"]
[Date "2020.07.17"]
[Round "1"]
[White "Yeetamus123"]
[Black "WCCRBS"]
[Result "1-0"]
[ICCResult "Black checkmated"]
[WhiteElo "1372"]
[BlackElo "1269"]
[Opening "Scotch: Potter variation"]
[ECO "C45"]
[NIC "SO.05"]
[Time "12:08:23"]
[TimeControl "900+5"]

1. e4 e5 2. Nf3 Nc6 3. d4 exd4 4. Nxd4 Bc5 5. Nb3 Bb6 6. Nc3 d6 7. Bc4 Nf6
8. O-O O-O 9. Bg5 h6 10. Bh4 Bg4 11. Bxf6 Qxf6 12. Qxg4 Rfe8 13. h3 Nb4 14.
Rac1 Re5 15. h4 h5 16. Qg3 g5 17. Kh1 Kf8 18. f4 gxh4 19. fxe5 Qxf1+ 20.
Rxf1 hxg3 21. Bxf7 Bf2 22. Bxh5 Nxc2 23. Nd1 Ke7 24. Nxf2 gxf2 25. Rxf2 Nb4
26. exd6+ Kxd6 27. Rd2+ Ke7 28. Kg1 Nxa2 29. Nc5 b6 30. Rd7+ Kf6 31. Nd3 Rh8
32. Bg4 Rh4 33. Bf3 Ke6 34. Rxc7 a5 35. Rc6+ Kd7 36. Rxb6 Nb4 37. Nxb4 axb4
38. Rxb4 Kd6 39. e5+ Kxe5 40. Rxh4 Kf5 41. Rc4 Ke5 42. b4 Kd6 43. b5 Kd7 44.
b6 Kd6 45. b7 Kd7 46. b8=Q Ke7 47. Re4+ Kd7 48. Qb7+ Kd6 49. Rd4+ Ke5 50.
Qd5+ Kf6 51. Re4 Kg6 52. Rf4 Kh6 53. Rg4 Kh7 54. Qf7+ Kh8 55. Qh5#
{Black checkmated}
1-0

[Event "ICC tourney 1923 (15 5)"]
[Site "Internet Chess Club"]
[Date "2020.07.17"]
[Round "1"]
[White "gambit02"]
[Black "iamlifamily"]
[Result "0-1"]
[ICCResult "White checkmated"]
[WhiteElo "1282"]
[BlackElo "1394"]
[Opening "QGD Slav: 4.Nc3"]
[ECO "D15"]
[NIC "SL.03"]
[Time "12:08:27"]
[TimeControl "900+5"]

1. d4 c6 2. Nf3 d5 3. c4 Nf6 4. Nc3 Bf5 5. Bf4 e6 6. e3 Be7 7. Be2 O-O 8.
O-O Nbd7 9. Qb3 b6 10. Rfe1 Ne4 11. cxd5 cxd5 12. Nb5 Ndf6 13. Nc7 Rc8 14.
Nb5 a6 15. Na7 Ra8 16. Nc6 Qd7 17. Qxb6 Bd6 18. Bxd6 Qxd6 19. Bxa6 Rab8 20.
Bb7 Nd7 21. Qa6 Nec5 22. dxc5 Nxc5 23. Qe2 Rxb7 24. Nce5 Rfb8 25. b3 Ne4 26.
Qb2 Nc5 27. Qd2 Ne4 28. Qc1 Rc7 29. Qb2 Nc5 30. Rec1 Na4 31. Qd2 Nc5 32. Qc3
Rbc8 33. Qb2 Nd3 34. Rxc7 Qxc7 35. Qd2 Nxe5 36. Nd4 Bg6 37. Nb5 Qb6 38. Nd4
Qc5 39. Ne2 Qc2 40. Rc1 h6 41. Rxc2 Rxc2 42. Qa5 Rxe2 43. Qd8+ Kh7 44. Kf1
Bd3 45. Qb6 Rxe3+ 46. Kg1 Re1# {White checkmated} 0-1